 Dungeon Crawl Stone Soup version 0.19.1-1-g22dce08 (webtiles) character file.

74 McKennaii the Magician (level 4, -9/27 HPs)
             Began as a High Elf Wizard on Jan 4, 2017.
             Killed by divine providence
             ... invoked by an orc priest
              (14 damage)
             ... on level 5 of the Dungeon.
             The game lasted 00:18:00 (2089 turns).

McKennaii the Magician (High Elf Wizard)            Turns: 2089, Time: 00:18:02

Health: -9/27      AC:  3    Str:  4 (6)  XL:     4   Next: 10%
Magic:  3/11       EV: 13    Int: 18 (21) God:
Gold:   191        SH:  0    Dex: 14 (15) Spells: 3 memorised, 7 levels left

rFire  . . .     SeeInvis .     (no weapon)
rCold  . . .     Gourm    .     a - +1 robe
rNeg   . . .     Faith    .     (no shield)
rPois  .         Spirit   .     b - +0 hat
rElec  .         Reflect  .     (no cloak)
rCorr  .         Harm     .     (no gloves)
MR     .....                    (no boots)
Stlth  ++........               (no amulet)
                                (no ring)
                                (no ring)

@: no status effects
A: no striking features
a: no special abilities


You were on level 5 of the Dungeon.
You were not hungry.

You visited 1 branch of the dungeon, and saw 4 of its levels.

You collected 191 gold pieces.

Inventory:

Armour
 a - a +1 robe (worn)
 b - a +0 hat (worn)
Jewellery
 n - an uncursed ring of flight
Scrolls
 e - 2 scrolls of remove curse
 i - 2 scrolls of recharging
 l - a scroll of enchant armour
 o - a scroll of identify
Potions
 m - a potion of haste {unknown}
 p - a potion of heal wounds {unknown}
 q - a potion of curing {unknown}
Books
 c - a book of Minor Magic

   Spells                             Type                      Level
   a - Magic Dart                     Conjuration                  1
   b - Blink                          Translocation                2
   c - Call Imp                       Summoning                    2
   d - Repel Missiles                 Charms/Air                   2
   e - Slow                           Hexes                        2
   f - Conjure Flame                  Conjuration/Fire             3
   g - Mephitic Cloud                 Conjuration/Poison/Air       3
Comestibles
 d - 2 bread rations
 h - 2 beef jerkies
 k - a meat ration
 s - a slice of pizza


   Skills:
 + Level 0.2 Fighting
 + Level 2.6 Dodging
 + Level 2.4 Stealth
 + Level 0.2 Unarmed Combat
 + Level 4.7 Spellcasting
 + Level 2.2 Conjurations
 + Level 1.1 Summonings
 + Level 1.1 Translocations


You had 7 spell levels left.
You knew the following spells:

 Your Spells              Type           Power        Failure   Level  Hunger
a - Magic Dart            Conj           ##..         8%          1    None
b - Call Imp              Summ           #.......     14%         2    #......
c - Blink                 Tloc           N/A          14%         2    #......


Dungeon Overview and Level Annotations

Branches:
Dungeon (3/15)

Altars:


Message History

Deactivating autopickup; reactivate with Ctrl-A.
The orc closely misses you.
Found a hand axe and a runed scale mail.
You aren't wearing any rings or amulets.
Okay, then.
Casting: Blink
Confirm with . or Enter, or press ? or * to list all spells.
You don't know that spell.
Casting: Blink
Confirm with . or Enter, or press ? or * to list all spells.
You blink.
The centaur shoots an arrow.
The arrow completely misses you.
Found a stone staircase leading up and a stone staircase leading down.
Okay, then.
Casting: Blink
Confirm with . or Enter, or press ? or * to list all spells.
You blink.
The orc priest calls down the wrath of Beogh upon you.
Beogh smites you!
Ouch! That really hurt!
You die...

# # #. .# #.#####.
#....>. #...#.#
#[..<.# #.......####
#...@.###...........
#(o...)........o....
#...#.####..........
#.§.o§# #..........
##.h{§# #.....(....
#coo§# #..........
#§§§§####o.........
#§§§§5oo§..o.......
#§.§###############


You could see a centaur, a hound, an orc priest and an orc.

Vanquished Creatures
  2 adders (D:3)
  A leopard gecko (D:2)
  5 giant cockroaches
  5 hobgoblins
  3 kobolds (D:1)
  6 bats
  8 frilled lizards
  11 goblins
  7 rats
48 creatures vanquished.

Vanquished Creatures (collateral kills)
  3 orcs
  A giant cockroach (D:2)
  2 hobgoblins
6 creatures vanquished.

Grand Total: 54 creatures vanquished

Notes
Turn   | Place    | Note
-------+----------+-------------------------------------------
     0 | D:1      | McKennaii the High Elf Wizard began the quest for the Orb.
     0 | D:1      | Reached XP level 1. HP: 11/11 MP: 6/6
   127 | D:1      | Reached skill level 4 in Spellcasting
   277 | D:1      | Reached XP level 2. HP: 5/17 MP: 0/8
   281 | D:1      | Learned a level 2 spell: Call Imp
   284 | D:1      | Learned a level 2 spell: Blink
  1103 | D:2      | Reached XP level 3. HP: 21/21 MP: 2/9
  1738 | D:3      | Reached skill level 1 in Summonings
  1814 | D:3      | Learned a level 3 spell: Conjure Flame
  1860 | D:3      | Reached XP level 4. HP: 27/27 MP: 3/11
  2072 | D:3      | You fall through a shaft for 2 floors!
  2072 | D:5      | Entered Level 5 of the Dungeon
  2080 | D:5      | Noticed a centaur
  2089 | D:5      | Killed from afar by an orc priest

Skill      XL: |  1  2  3 |
---------------+----------+-----
Spellcasting   | 4 |  4.7
Conjurations   | 2 |  2.2
Summonings     | 1 |  1.1
Fighting       | |  0.2
Dodging        | |  2.6
Stealth        | |  2.4
Unarmed Combat | |  0.2
Translocations | |  1.1

Action                   |  1- 3 |  4- 6 || total
-------------------------+-------+-------++-------
Melee: Unarmed           |    30 |       ||    30
 Cast: Magic Dart        |   117 |    10 ||   127
       Call Imp          |     6 |     3 ||     9
       Blink             |       |     3 ||     3
  Use: Scroll            |     3 |     6 ||     9
       Potion            |     1 |       ||     1
  Eat: Bread ration      |     1 |       ||     1
Armor: Robe              |    14 |     1 ||    15
Dodge: Dodged            |    68 |    10 ||    78
